Map: Deathaura LE

Players

navarre - Winner!

  • Race: Protoss Protoss
  • League: Silver
  • Spawn Location: 11:00

KingArthur

  • Race: Zerg Zerg
  • League: Gold
  • Spawn Location: 5:00

VOD

Have the link to the VOD?

Description

Time

  • Played on: Sept. 15, 2020, 9:40 p.m.
  • Length: 6:23
Show
View Real Time Build Order
Export as new Build Order

navarre Protoss - Winner!

Build Orders: 1 Gate Expand 

Get SALT Encoding   

  12  0:00  Probe  
  13  0:13  Probe  
  14  0:20  Pylon  
  14  0:25  Probe  
  15  0:39  Probe (Chrono Boost)  
  16  0:44  Gateway  
  16  0:47  Probe (Chrono Boost)  
  16  0:48  Assimilator  
  17  0:59  Probe  
  18  1:11  Probe  
  19  1:24  Probe  
  20  1:28  Nexus  
  20  1:41  Cybernetics Core  
  20  1:47  Gateway  
  20  1:52  Zealot  
  22  2:05  Gateway  
  22  2:14  Pylon  
  22  2:32  Stalker (Chrono Boost)  
  24  2:42  Probe x2  
  26  2:49  Assimilator  
  26  2:57  Stalker x2, Shield Battery  
  30  3:00  Stalker  
  32  3:16  Probe x2  
  34  3:27  Pylon  
  34  3:31  Robotics Facility  
  34  3:33  Probe  
  35  3:34  Probe  
  36  3:47  Stalker  
  38  3:53  Stalker  
  40  4:05  Probe  
  40  4:06  Probe  
  42  4:18  Probe x2  
  44  4:44  Probe x2  
  46  4:56  Probe x2  
  48  5:37  Gateway  
  48  5:39  Gateway  
Show
View Real Time Build Order
Export as new Build Order

KingArthur Zerg 

Build Orders: Hatch First, Zergling Baneling 

Get SALT Encoding   

  12  0:03  Drone  
  13  0:12  Overlord  
  13  0:16  Drone  
  14  0:32  Drone x2  
  16  0:52  Hatchery  
  16  0:55  Drone  
  16  0:58  Drone  
  16  1:02  Drone  
  18  1:09  Extractor  
  17  1:19  Spawning Pool  
  17  1:21  Drone  
  17  1:25  Drone  
  18  1:34  Drone  
  19  2:09  Metabolic Boost  
  19  2:10  Queen  
  19  2:11  Queen  
  19  2:12  Zergling x6  
  26  2:17  Overlord  
  26  2:28  Baneling Nest  
  25  2:31  Zergling x4  
  25  2:36  Zergling x4  
  29  2:40  Zergling x2  
  30  2:44  Zergling x2  
  30  2:48  Zergling x2  
  32  2:58  Zergling x4  
  34  3:06  Overlord  
  34  3:09  Zergling x2  
  35  3:21  Zergling x2  
  35  3:24  Zergling x8  
  40  3:29  Baneling  
  40  3:30  Baneling x3  
  40  3:34  Baneling  
  40  3:35  Baneling  
  31  4:16  Zergling x12  
  29  4:35  Zergling x6  
  31  4:40  Zergling x2  
  32  4:51  Zergling x4  
  34  4:52  Baneling  
  34  4:53  Baneling x7  
  27  5:15  Zergling x12  
Tags
 
Add a new tag
Caveats
  • Supply blocks, unpowered buildings, or Contaminate may cause inaccurate times.
  • Supply counts are checked every 10 seconds.